 Dungeon Crawl Stone Soup version 0.28.0-53-g5a82cb258f (webtiles) character file.

Game seed: 8393157101656268815

216015 Peloso the Fencer (level 18, -19/173 HPs)
             Began as a Minotaur Fighter on June 2, 2022.
             Was the Champion of Okawaru.
             Demolished by a spriggan rider
             ... wielding a +0 spear
              (24 damage)
             ... on level 4 of the Swamp.
             The game lasted 01:34:42 (32059 turns).

Peloso the Fencer (Minotaur Fighter)               Turns: 32059, Time: 01:34:44

Health: -19/173    AC: 36    Str: 32    XL:     18   Next: 34%
Magic:  28/29      EV: 15    Int: 13    God:    Okawaru [******]
Gold:   1024       SH: 12    Dex: 10    Spells: 17/17 levels left

rFire   + + .      SeeInvis .   b - +11 falchion "Arbiter" {flame, rF+ rC+ Int+4 Dex-3}
rCold   + + +      Faith    .   e - +3 buckler of Roaziamm {rC+ Regen+ Str+2}
rNeg    . . .      Spirit   .   U - +1 crystal plate armour of Satisfaction {rPois rC+ MP+9 Int+5}
rPois   +          Reflect  .   P - +0 hat {Int+3}
rElec   +          Harm     .   g - +2 cloak {rCorr}
rCorr   +          Rampage  .   (no gloves)
Will    +....                   I - +0 pair of boots {Fly}
Stlth   ..........              n - amulet of regeneration
HPRegen 1.98/turn               O - ring of protection from fire
MPRegen 0.21/turn               N - ring of Uxaph {rElec rPois EV+4 Str+4 Int-4}

@: heroic, flying, hasted, unable to read, very quick
A: horns 2, retaliatory headbutt, inability to read while threatened
}: 1/15 runes: decaying
a: Renounce Religion, Heroism, Finesse, Duel


You were on level 4 of the Swamp.
You worshipped Okawaru.
Okawaru was exalted by your worship.
You visited 6 branches of the dungeon, and saw 30 of its levels.
You visited the Abyss 2 times.
You also visited: Sewer, Bailey and Gauntlet.

You collected 4258 gold pieces.
You spent 3234 gold pieces at shops.

Inventory:

Hand Weapons
 a - a +4 spectral demon blade
 b - the +11 falchion "Arbiter" (weapon) {flame, rF+ rC+ Int+4 Dex-3}
   (You took it off a spriggan on level 2 of the Swamp)

   It burns those it strikes, dealing additional fire damage.
   Big, fiery blades are also staple armaments of hydra-hunters.
   Int:       It affects your intelligence (+4).
   Dex:       It affects your dexterity (-3).
   rF:        It protects you from fire.
   rC:        It protects you from cold.
 c - a +4 long sword of freezing
Armour
 e - the +3 buckler of Roaziamm (worn) {rC+ Regen+ Str+2}
   (Okawaru gifted it to you on level 10 of the Dungeon)

   Str:       It affects your strength (+2).
   rC:        It protects you from cold.
   Regen:     It increases your rate of health regeneration.
 g - a +2 cloak of preservation (worn)
 l - the +1 cloak of Okawaru's Pride {rF- rC+ Regen+ Str+3}
   (Okawaru gifted it to you on level 1 of the Spider Nest)

   Str:       It affects your strength (+3).
   rF:        It makes you vulnerable to fire.
   rC:        It protects you from cold.
   Regen:     It increases your rate of health regeneration.
 z - the +1 hat "Ucahur" {rPois rC- Dex+2 SInv}
   (Okawaru gifted it to you on level 1 of the Swamp)

   Dex:       It affects your dexterity (+2).
   rC:        It makes you vulnerable to cold.
   rPois:     It protects you from poison.
   SInv:      It lets you see invisible.
 B - +0 swamp dragon scales
 I - a +0 pair of boots of flying (worn)
 P - a +0 hat of intelligence (worn)
 U - the +1 crystal plate armour of Satisfaction (worn) {rPois rC+ MP+9 Int+5}
   (Okawaru gifted it to you on level 3 of the Lair of Beasts)

   Int:       It affects your intelligence (+5).
   rC:        It protects you from cold.
   rPois:     It protects you from poison.
   MP:        It affects your magic capacity (+9).
Jewellery
 n - an amulet of regeneration (around neck)
 r - the amulet "Mibowa" {RegenMP rF+ rN+}
   (You found it on level 14 of the Dungeon)

   [amulet of magic regeneration]

   It increases your rate of magic regeneration.
   rF:        It protects you from fire.
   rN:        It protects you from negative energy.
 A - a ring of protection from fire
 C - a +6 ring of strength
 H - an amulet of guardian spirit
 N - the ring of Uxaph (right hand) {rElec rPois EV+4 Str+4 Int-4}
   (You bought it in a shop on level 2 of the Orcish Mines)

   [ring of evasion]

   EV:        It affects your evasion (+4).
   Str:       It affects your strength (+4).
   Int:       It affects your intelligence (-4).
   rElec:     It insulates you from electricity.
   rPois:     It protects you from poison.
 O - a ring of protection from fire (left hand)
Wands
 i - a wand of paralysis (25)
 y - a wand of iceblast (6)
 F - a wand of flame (27)
 G - a wand of acid (6)
 K - a wand of mindburst (2)
Scrolls
 h - 9 scrolls of magic mapping
 j - 5 scrolls of immolation
 p - 4 scrolls of identify
 t - 2 scrolls of fog
 u - a scroll of acquirement
 D - a scroll of holy word
 J - a scroll of enchant weapon
 L - 3 scrolls of noise
 S - 6 scrolls of teleportation
 T - 2 scrolls of blinking
 X - 4 scrolls of fear
Potions
 d - 5 potions of might
 f - a potion of haste
 k - a potion of ambrosia
 m - a potion of heal wounds
 o - 5 potions of curing
 q - a potion of berserk rage
 s - 4 potions of invisibility
 w - 4 potions of resistance
 x - 2 potions of mutation
 E - a potion of brilliance
Miscellaneous
 v - a phantom mirror


   Skills:
 + Level 18.7(23.7) Fighting
 + Level 0.6(17.3) Short Blades
 + Level 20.2(25.2) Long Blades
 + Level 0.7(6.1) Axes
 + Level 0.7(6.1) Maces & Flails
 + Level 0.7(6.1) Polearms
 + Level 0.7(6.1) Staves
 + Level 0.7(6.0) Slings
 + Level 1.0(6.0) Bows
 + Level 0.6(5.6) Crossbows
 + Level 0.5(5.8) Throwing
 + Level 18.4(23.4) Armour
 + Level 8.3(13.3) Dodging
 + Level 3.9(8.9) Stealth
 + Level 18.0(23.0) Shields
 + Level 1.0(6.0) Unarmed Combat
 + Level 0.2 Spellcasting
 + Level 0.3 Conjurations
 + Level 0.4 Hexes
 + Level 0.3 Summonings
 + Level 0.3 Necromancy
 + Level 0.3 Translocations
 + Level 0.3 Transmutations
 + Level 0.3 Fire Magic
 + Level 0.3 Ice Magic
 + Level 0.3 Air Magic
 + Level 0.3 Earth Magic
 + Level 0.3 Poison Magic
 + Level 4.4 Invocations
 + Level 0.8 Evocations


You had 17 spell levels left.
You didn't know any spells.
Your spell library contained the following spells:

 Spells                   Type           Power      Damage    Failure   Level
 Sandblast                Erth           2%         2d4       87%         1
 Apportation              Tloc           2%         N/A       88%         1
 Magic Dart               Conj           4%         1d3       88%         1
 Pain                     Necr           4%         1d4       88%         1
 Corpse Rot               Necr/Air       2%         N/A       95%         2
 Ensorcelled Hibernation  Hex/Ice        2%         N/A       95%         2
 Passwall                 Tmut/Erth      0%         N/A       95%         2
 Poisonous Vapours        Pois/Air       2%         N/A       95%         2
 Dazzling Flash           Conj/Hex       2%         N/A       99%         3
 Gell's Gravitas          Tloc           1%         N/A       99%         3
 Inner Flame              Hex/Fire       1%         N/A       99%         3
 Lesser Beckoning         Tloc           1%         N/A       99%         3
 Mephitic Cloud           Conj/Pois/Air  1%         N/A       99%         3
 Portal Projectile        Hex/Tloc       2%         N/A       99%         3
 Swiftness                Air            1%         N/A       99%         3
 Teleport Other           Tloc           1%         N/A       99%         3
 Cause Fear               Hex            0%         N/A       100%        4
 Iskenderun's Mystic Bla  Conj/Tloc      1%         2d3       100%        4
 Leda's Liquefaction      Hex/Erth       0%         N/A       100%        4
 Passage of Golubria      Tloc           1%         N/A       100%        4
 Petrify                  Tmut/Erth      1%         N/A       100%        4
 Agony                    Necr           1%         N/A       100%        5
 Alistair's Intoxication  Tmut/Pois      0%         N/A       100%        5
 Blade Hands              Tmut           0%         N/A       100%        5
 Excruciating Wounds      Necr           0%         N/A       100%        5
 Freezing Cloud           Conj/Ice/Air   0%         6-21      100%        5
 Irradiate                Conj/Tmut      0%         3d14      100%        5
 Yara's Violent Unravell  Hex/Tmut       0%         3d3       100%        5
 Iron Shot                Conj/Erth      0%         9d1       100%        6
 Starburst                Conj/Fire      0%         6d3       100%        6
 Statue Form              Tmut/Erth      0%         N/A       100%        6
 Dragon Form              Tmut           0%         N/A       100%        7
 Storm Form               Tmut/Air       0%         N/A       100%        7
 Discord                  Hex            0%         N/A       100%        8
 Maxwell's Capacitive Co  Air            0%         ∞         100%        8
 Polar Vortex             Ice            0%         N/A       100%        9
 Call Imp                 Summ           Unusable   N/A       N/A         2
 Tukima's Dance           Hex            Unusable   N/A       N/A         3
 Animate Armour           Summ/Erth      Unusable   N/A       N/A         4
 Summon Lightning Spire   Summ/Air       Unusable   N/A       N/A         4
 Simulacrum               Ice/Necr       Unusable   N/A       N/A         6
 Malign Gateway           Summ/Tloc      Unusable   N/A       N/A         7

Dungeon Overview and Level Annotations

Branches:
Dungeon (15/15)            Temple (1/1) D:6            Lair (6/6) D:9
  Swamp (4/4) Lair:2       Spider (2/4) Lair:2        Slime (0/5) Lair:5
    Orc (2/2) D:9             Elf (0/3) Orc:2        Vaults (0/5) D:13
 Depths (0/4) D:15          Sewer (visited)          Bailey (visited)
Gauntlet (visited)

Altars:
Ashenzari
Fedhas
Okawaru
Qazlal
Trog
Uskayaw
Wu Jian
Xom
Beogh
Jiyva

Shops:
D:2 *   D:7 !   D:12 *   D:13 ?!?   D:15 *   Orc:1 (   Orc:2 *=?(

Annotations:
Lair:6 Casa
Swamp:4 1 transporter, H0rd4k's ghost, adept HuAr


Innate Abilities, Weirdness & Mutations

You have a pair of horns on your head.
You reflexively headbutt those who attack you in melee.
You sometimes lose the ability to read scrolls when taking damage.


Message History

You block H0rd4k's ghost's attack.
The spriggan rider completely misses you.
You furiously retaliate!
You headbutt the spriggan rider!
Unknown command.
You hit H0rd4k's ghost but do no damage.
You headbutt H0rd4k's ghost.
H0rd4k's ghost is heavily damaged.
The spriggan rider hits you but does no damage. x2
Unknown command.
You closely miss H0rd4k's ghost.
H0rd4k's ghost is heavily damaged.
The spriggan rider barely misses you.
H0rd4k's ghost hits you but does no damage.
Unknown command.
You slash H0rd4k's ghost!
H0rd4k's ghost is severely damaged.
The spriggan rider hits you with a +0 spear.
The spriggan rider hits you from afar with a +0 spear!
* * * LOW HITPOINT WARNING * * *
Unknown command.
You feel much better. You block the spriggan rider's attack.
The spriggan rider hits you from afar with a +0 spear!!
* * * LOW HITPOINT WARNING * * *
H0rd4k's ghost hits you.
* * * LOW HITPOINT WARNING * * *
The spriggan rider hits you with a +0 spear!!
* * * LOW HITPOINT WARNING * * *
You block the spriggan rider's attack.
You feel much better. You block H0rd4k's ghost's attack.
The spriggan rider hits you with a +0 spear!
* * * LOW HITPOINT WARNING * * *
The spriggan rider hits you from afar with a +0 spear!!
* * * LOW HITPOINT WARNING * * *
You feel yourself speed up.
The spriggan rider hits you with a +0 spear!
* * * LOW HITPOINT WARNING * * *
You block the spriggan rider's attack.
H0rd4k's ghost hits you but does no damage.
The spriggan rider hits you with a +0 spear!!
You die...

♣....#####....♣
♣♣..###...###..♣♣
♣..###i.....##..♣
♣..#..###....#..♣♣
♣♣♣♣♣.##i##§#....##..♣
♣.♣♣..#ii.i([.....#..♣
).≈..©#Wii.._.#..©#©.♣
...≈..#iy##.i.≈##i#.)♣
≈♣♣≈♣.##.#≈#.###@##..♣
..≈♣♣..#####.iyW##..♣♣
≈≈≈♣♣..## #...ii##..♣
.≈≈.♣♣..###.©.###..♣♣
.§≈.≈♣....#####....♣
.≈≈.≈≈♣...........♣♣
.......♣♣.......♣♣♣
≈...≈≈≈≈♣♣♣♣♣♣♣♣♣
≈..≈≈≈≈≈.♣♣


You could see 3 spriggan riders, a moth of wrath, a spriggan (berserk) and
H0rd4k's ghost.

Vanquished Creatures
  Mara (Swamp:3)
  A hellephant (Abyss:2)
  Rupert (D:11)
  Gastronok (Lair:1)
  A thorn hunter (Swamp:2)
  Kirke (Lair:5)
  Roxanne (Swamp:2)
  An emperor scorpion (Lair:2)
  Louise (Swamp:1)
  A spriggan defender (Swamp:4)
  A ghost moth (Spider:1)
  A broodmother (Spider:1)
  A green draconian (Abyss:2)
  4 eleionomae
  2 bunyips
  A minotaur (Gauntlet)
  The ghost of LordBelias the Covert, a journeyman GnIE of Gozag (Lair:4)
  6 entropy weavers
  3 spark wasps
  Snorg (D:14)
  An ettin (D:14)
  Josephine (D:10)
  A fire dragon (D:13)
  A shambling mangrove (Swamp:4)
  Fannar (D:11)
  A caustic shrike simulacrum (Abyss:3)
  5 boulder beetles
  20 hydras
  3 catoblepae (Lair:6)
  2 vault guards (Bailey)
  A rakshasa (Abyss:3)
  2 spriggan air magi
  A radroach (Spider:1)
  2 ghost crabs
  6 centaur warriors
  A jorogumo (Spider:1)
  An anaconda (Swamp:1)
  4 death knights
  2 tengu warriors
  13 death yaks (Lair:6)
  10 alligators
  6 two-headed ogres
  3 orc high priests (Orc:2)
  3 spriggan berserkers (Swamp:4)
  12 spriggans
  3 thrashing horrors
  5 wretched stars
  A sun demon (Abyss:2)
  5 skeletal warriors
  A hell knight (D:15)
  5 pharaoh ants
  A spatial maelstrom (Abyss:3)
  A glowing orange brain (Abyss:3)
  8 large abominations
  5 orb spiders
  A steelbarb worm (Spider:1)
  2 deep trolls
  3 spriggan druids
  5 goliath frogs
  13 swamp dragons
  3 bog bodies
  2 phantasmal warriors (D:13)
  2 necromancers
  5 orc knights (Orc:2)
  3 deep elf pyromancers
  A mana viper (Abyss:3)
  A wizard (D:15)
  17 ugly things
  6 wolf spiders
  6 orc sorcerers (Orc:2)
  10 elephants
  7 will-o-the-wisps
  2 oklob plants (Lair:2)
  6 manticores
  3 cyclopes
  A black mamba (shapeshifter) (D:13)
  An ice statue (Gauntlet)
  2 moths of wrath
  4 black mambas
  A guardian serpent (Abyss:3)
  15 cane toads
  A gargoyle (D:12)
  5 smoke demons
  A cane toad (shapeshifter) (D:12)
  An unseen horror (Abyss:3)
  4 demonic crawlers
  A kobold demonologist (D:11)
  A minotaur zombie (Gauntlet)
  7 komodo dragons
  2 rime drakes
  2 efreet
  4 tengu conjurers (D:15)
  An ice devil (Abyss:3)
  3 hellwings (Abyss:2)
  A polar bear (Lair:5)
  3 ancient zymes
  3 freezing wraiths
  7 meliai
  7 trolls
  6 tyrant leeches
  A bloated husk (Swamp:2)
  Prince Ribbit (D:8)
  9 tarantellas
  A queen bee (D:12)
  11 hornets
  17 blink frogs
  11 raiju
  16 jumping spiders
  5 slime creatures
  An air elemental (Abyss:2)
  6 culicivoras
  2 vampires
  3 ynoxinuls
  3 water elementals (D:13)
  2 wyverns
  The ghost of Dune the Skirmisher, an amateur MiBe of Trog (D:4)
  6 wraiths
  8 humans
  57 yaks
  2 hogs (Lair:5)
  7 basilisks
  6 vampire mosquitoes
  A golden eye (shapeshifter) (Abyss:2)
  16 redbacks
  2 neqoxecs
  A steam dragon (D:9)
  2 wargs (Orc:2)
  An acid dragon (D:11)
  12 swamp worms
  10 water moccasins
  15 orc warriors
  7 swamp drakes (Swamp:4)
  A hornet zombie (D:9)
  A sky beast (D:6)
  2 ice beasts
  18 starcursed masses
  8 small abominations
  An ogre (shapeshifter) (D:15)
  A necrophage (D:6)
  18 centaurs
  13 ogres
  15 wolves
  2 kobold brigands (D:10)
  17 bullfrogs
  2 gnoll sergeants
  2 scorpions
  A water moccasin zombie (D:5)
  A water moccasin skeleton (D:5)
  28 killer bees
  15 wights
  2 electric eels (D:13)
  4 howler monkeys
  2 centaur zombies
  A quasit (Abyss:2)
  A hound (D:6)
  8 jellies
  9 orc priests
  A bullfrog skeleton (D:4)
  3 gnoll shamans
  Natasha (thrice) (D:3)
  10 iguanas
  18 orc wizards
  21 gnolls
  14 adders
  2 river rats (Sewer)
  3 shadow imps
  4 white imps
  A dart slug (D:1)
  55 orcs
  6 ball pythons
  10 endoplasms
  12 giant cockroaches
  17 goblins
  12 hobgoblins
  14 kobolds
  4 quokkas
  3 bats (D:1)
  8 frilled lizards
  6 rats
  A briar patch (Swamp:2)
  4 bushes (Lair:6)
999 creatures vanquished.

Vanquished Creatures (others)
  A hydra (Swamp:1)
  A freezing wraith (Abyss:2)
  4 bloated husks
  2 swamp worms
  An orc priest (Orc:2)
  3 demonic plants (Abyss:3)
  32 foxfires
  19 fungi
  A lurking horror (Abyss:3)
  65 plants
129 creatures vanquished.

Grand Total: 1128 creatures vanquished

Notes
Turn   | Place    | Note
-------+----------+-------------------------------------------
     0 | D:1      | Peloso the Minotaur Fighter began the quest for the Orb.
     0 | D:1      | Reached XP level 1. HP: 19/19 MP: 0/0
   486 | D:1      | Reached XP level 2. HP: 27/27 MP: 1/1
  1214 | D:2      | Reached skill level 3 in Long Blades
  1214 | D:2      | Reached XP level 3. HP: 33/33 MP: 2/2
  1511 | D:2      | Found Atiuhuyx's General Store.
  1726 | D:2      | Found a hide-covered altar of Uskayaw.
  1959 | D:3      | Noticed an ice beast
  1966 | D:3      | Reached XP level 4. HP: 40/40 MP: 3/3
  1980 | D:3      | Killed an ice beast
  1981 | D:3      | Reached skill level 4 in Long Blades
  1981 | D:3      | Reached XP level 5. HP: 23/47 MP: 4/4
  2063 | D:3      | Noticed Natasha
  2074 | D:3      | Killed Natasha
  2075 | D:3      | Reached skill level 1 in Dodging
  2129 | D:3      | Noticed Natasha
  2132 | D:3      | Killed Natasha
  2240 | D:3      | Reached skill level 5 in Long Blades
  2307 | D:3      | Noticed Natasha
  2323 | D:3      | Killed Natasha
  2324 | D:3      | Reached skill level 5 in Armour
  2518 | D:3      | Found a faded altar of an unknown god.
  2575 | D:3      | Reached XP level 6. HP: 53/53 MP: 5/5
  2807 | D:4      | Found a glowing drain.
  2840 | Sewer    | Entered a sewer
  3343 | Sewer    | Reached skill level 5 in Fighting
  3376 | Sewer    | Found a viscous altar of Jiyva.
  3390 | Sewer    | Reached XP level 7. HP: 60/61 MP: 6/6
  3566 | D:4      | Found a transporter.
  3567 | D:4      | Found a transporter.
  3567 | D:4      | Noticed Dune's ghost (amateur MiBe)
  3708 | D:4      | Found an ornate altar of the Wu Jian Council.
  3832 | D:4      | Reached skill level 6 in Long Blades
  4064 | D:5      | Entered Level 5 of the Dungeon
  4091 | D:5      | Reached skill level 5 in Shields
  4414 | D:5      | Found the +6 Majin-Bo {vamp, MP+6 Int+6}
  4454 | D:5      | Reached skill level 7 in Long Blades
  5253 | D:6      | Reached XP level 8. HP: 49/70 MP: 7/7
  5752 | D:6      | Reached skill level 8 in Long Blades
  5868 | D:6      | Found a staircase to the Ecumenical Temple.
  5885 | Temple   | Entered the Ecumenical Temple
  5908 | Temple   | Became a worshipper of Warmaster Okawaru
  6393 | D:6      | Reached skill level 9 in Long Blades
  6413 | D:7      | Found Usujann's Distillery.
  6970 | D:7      | Reached XP level 9. HP: 71/79 MP: 8/8
  7197 | D:8      | Noticed Prince Ribbit
  7227 | D:8      | Killed Prince Ribbit
  7227 | D:8      | Reached * piety under Okawaru
  7456 | D:8      | Reached skill level 10 in Long Blades
  7501 | D:8      | Reached skill level 1 in Stealth
  7591 | D:8      | Reached ** piety under Okawaru
  7750 | D:8      | Noticed a two-headed ogre
  7756 | D:8      | Killed a two-headed ogre
  7756 | D:8      | Reached *** piety under Okawaru
  7757 | D:8      | Reached skill level 11 in Long Blades
  8043 | D:9      | Reached XP level 10. HP: 64/88 MP: 6/9
  8056 | D:9      | Found a staircase to the Orcish Mines.
  8133 | D:9      | Found a flagged portal.
  8142 | Bailey   | Entered a bailey
  8178 | Bailey   | Reached **** piety under Okawaru
  8179 | Bailey   | Reached skill level 12 in Long Blades
  8328 | Bailey   | Noticed a vault guard
  8337 | Bailey   | Killed a vault guard
  8338 | Bailey   | Reached skill level 5 in Dodging
  8375 | Bailey   | Noticed a vault guard
  8393 | Bailey   | Killed a vault guard
  8395 | Bailey   | Reached skill level 13 in Long Blades
  8462 | Bailey   | Received a gift from Okawaru
  8472 | Bailey   | Reached skill level 1 in Invocations
  8519 | D:9      | Found a staircase to the Lair.
  8554 | D:9      | Got the Reference Book on Shifting Orientation
  8692 | D:9      | Reached XP level 11. HP: 99/99 MP: 10/10
  8743 | D:9      | Reached ***** piety under Okawaru
  9047 | D:10     | Entered Level 10 of the Dungeon
  9049 | D:10     | Noticed a two-headed ogre
  9057 | D:10     | Killed a two-headed ogre
  9101 | D:10     | Noticed a two-headed ogre
  9106 | D:10     | Killed a two-headed ogre
  9107 | D:10     | Reached skill level 10 in Fighting
  9160 | D:10     | Reached skill level 10 in Armour
  9241 | D:10     | Noticed Josephine
  9255 | D:10     | Killed Josephine
  9471 | D:10     | Identified the +3 buckler of Roaziamm {rC+ Regen+ Str+2}
                  | (Okawaru gifted it to you on level 10 of the Dungeon)
  9471 | D:10     | Received a gift from Okawaru
  9713 | D:11     | Noticed a white ugly thing
  9725 | D:11     | Killed a white ugly thing
  9726 | D:11     | Reached skill level 14 in Long Blades
  9882 | D:11     | Identified the +0 scale mail of Weirdness {Rampage rF++
                  | Str-3 Slay+3}
  9937 | D:11     | Noticed Fannar
  9952 | D:11     | Killed Fannar
 10472 | Lair:1   | Entered Level 1 of the Lair of Beasts
 10478 | Lair:1   | Identified the +4 flail of Distant Worlds {venom, rCorr}
 10621 | Lair:1   | Reached XP level 12. HP: 110/110 MP: 12/12
 10668 | Lair:1   | Noticed Gastronok
 10685 | Lair:1   | Killed Gastronok
 11424 | Lair:2   | Found a staircase to the Swamp.
 11502 | Lair:2   | Reached skill level 15 in Long Blades
 11546 | Lair:2   | Found a hole to the Spider Nest.
 11903 | Lair:2   | Found a blossoming altar of Fedhas.
 12023 | Lair:3   | Identified the +1 crystal plate armour of Satisfaction
                  | {rPois rC+ MP+9 Int+5} (Okawaru gifted it to you on level 3
                  | of the Lair of Beasts)
 12023 | Lair:3   | Received a gift from Okawaru
 12430 | Lair:3   | Noticed a five-headed hydra
 12907 | Orc:1    | Entered Level 1 of the Orcish Mines
 13260 | Orc:2    | Entered Level 2 of the Orcish Mines
 13260 | Orc:2    | Found a staircase to the Elven Halls.
 13627 | Orc:2    | Reached XP level 13. HP: 95/119 MP: 13/13
 13918 | Orc:2    | Reached skill level 10 in Shields
 14260 | Orc:2    | Found Kisutrao's Assorted Antiques.
 14279 | Orc:2    | Found Idyc's Magic Scroll Boutique.
 14282 | Orc:2    | Found Uqankohi's Jewellery Boutique.
 14283 | Orc:2    | Found Zucvyw's Antique Weapon Emporium.
 14317 | Orc:2    | Bought a scroll of identify for 44 gold pieces
 14334 | Orc:2    | Bought a scroll of acquirement for 832 gold pieces
 14336 | Orc:2    | Acquired 524 gold pieces
 14342 | Orc:2    | Bought a scroll of acquirement for 832 gold pieces
 14344 | Orc:2    | Acquired 466 gold pieces
 14531 | Orc:1    | Found Ziagav's Weapon Shop.
 14706 | Orc:2    | Bought the ring of Uxaph {rElec rPois EV+4 Str+4 Int-4} for
                  | 650 gold pieces
 14844 | D:12     | Noticed Rupert
 14848 | D:12     | Paralysed by Rupert for 3 turns
 14883 | D:11     | Killed Rupert
 14884 | D:11     | Reached skill level 16 in Long Blades
 14947 | D:12     | Reached ****** piety under Okawaru
 15173 | D:12     | Identified the +6 crystal plate armour of Whack-A-Mole
                  | {+Blink rCorr Dex-2 Stlth+} (Okawaru gifted it to you on
                  | level 12 of the Dungeon)
 15173 | D:12     | Received a gift from Okawaru
 15354 | D:12     | Found Qeallius's Fire Supplies.
 15400 | D:12     | You fall into a shaft and drop 1 floor!
 15405 | D:13     | Found Jimad's Distillery.
 15426 | D:13     | Found Goliyjin's Magic Scroll Shoppe.
 15891 | D:4      | Killed Dune's ghost
 16720 | D:13     | Found Vaisobou's Magic Scroll Boutique.
 16748 | D:13     | Reached XP level 14. HP: 133/133 MP: 15/15
 16826 | D:13     | Found a gate to the Vaults.
 16921 | D:13     | Received a gift from Okawaru
 18076 | Lair:3   | Found a shimmering altar of Xom.
 18767 | Lair:4   | Found a hide-covered altar of Uskayaw.
 18778 | Lair:4   | Found an ornate altar of the Wu Jian Council.
 18788 | Lair:4   | Reached skill level 17 in Long Blades
 18979 | Lair:4   | Found a runed translucent door.
 18981 | Lair:4   | Noticed LordBelias's ghost (journeyman GnIE)
 19017 | Lair:4   | Killed LordBelias's ghost
 19017 | Lair:4   | Identified the +1 ring mail "Telack" {rElec Str-4 Stlth+}
                  | (Okawaru gifted it to you on level 4 of the Lair of Beasts)
 19017 | Lair:4   | Received a gift from Okawaru
 19020 | Lair:4   | Reached skill level 15 in Fighting
 19028 | Lair:4   | Got the Guide on the Entrancing Birds
 19550 | Lair:5   | Found a viscous altar of Jiyva.
 19550 | Lair:5   | Found a staircase to the Slime Pits.
 19553 | Lair:5   | Found a stormy altar of Qazlal.
 19735 | Lair:5   | Noticed Kirke
 19759 | Lair:5   | Killed Kirke
 20407 | Lair:6   | Entered Level 6 of the Lair of Beasts
 20413 | Lair:6   | Found a gate leading to a gauntlet.
 20486 | Gauntlet | Entered a Gauntlet
 20486 | Gauntlet | Found a transporter.
 20497 | Gauntlet | Found a transporter.
 20499 | Gauntlet | Found a transporter.
 20501 | Gauntlet | Found a transporter.
 20516 | Gauntlet | Found a transporter.
 20516 | Gauntlet | Found the +12 glaive of Prune {vorpal}
 20532 | Gauntlet | Found a transporter.
 20540 | Gauntlet | Found a transporter.
 20547 | Gauntlet | Noticed a balrug
 20557 | Gauntlet | Found a transporter.
 20574 | Gauntlet | Found a transporter.
 20605 | Gauntlet | Found a transporter.
 20640 | Gauntlet | Found a transporter.
 20652 | Gauntlet | Found a transporter.
 20664 | Gauntlet | Found a transporter.
 20682 | Gauntlet | Found a transporter.
 20700 | Gauntlet | Found a transporter.
 20702 | Gauntlet | Found a transporter.
 20733 | Gauntlet | Found a transporter.
 20735 | Gauntlet | Found a transporter.
 21103 | Gauntlet | Reached XP level 15. HP: 136/141 MP: 16/16
 21210 | Gauntlet | Identified the ring of Fichym {Fire Int+3 SInv}
 21216 | Gauntlet | Reached skill level 18 in Long Blades
 21216 | Gauntlet | Reached skill level 1 in Bows
 21216 | Gauntlet | Reached skill level 1 in Unarmed Combat
 21216 | Gauntlet | Reached XP level 16. HP: 150/150 MP: 18/18
 21245 | Gauntlet | Received a gift from Okawaru
 21261 | Gauntlet | Identified the +5 whip "Jutekk" {drain, Contam rF++ rCorr
                  | Str+3}
 22849 | D:14     | Noticed Snorg
 22861 | D:14     | Killed Snorg
 23013 | D:14     | Reached skill level 15 in Armour
 23043 | D:14     | Identified the amulet "Mibowa" {RegenMP rF+ rN+}
 23239 | D:14     | Reached skill level 15 in Shields
 23491 | D:13     | Bought a scroll of acquirement for 676 gold pieces
 23534 | D:15     | Entered Level 15 of the Dungeon
 23709 | D:15     | Cast into level 2 of the Abyss (a wizard)
 23790 | Abyss:2  | Noticed a hellephant
 23836 | Abyss:2  | HP: 4/152 [hellephant/blast of flame (51)]
 23837 | Abyss:2  | HP: 1/152 [hellephant (5)]
 23838 | Abyss:2  | Killed a hellephant
 24055 | Abyss:2  | Paralysed by accursed screaming for 2 turns
 24215 | D:15     | Escaped the Abyss
 24279 | D:15     | Found a staircase to the Depths.
 24589 | D:15     | Reached skill level 19 in Long Blades
 24780 | D:15     | Found Fuzyuwk's General Store.
 24788 | D:15     | Bought a scroll of brand weapon for 200 gold pieces
 24791 | D:15     | Acquired a +3 vampiric demon blade
 25131 | Spider:1 | Entered Level 1 of the Spider Nest
 25567 | Spider:1 | Identified the +1 cloak of Okawaru's Pride {rF- rC+ Regen+
                  | Str+3} (Okawaru gifted it to you on level 1 of the Spider
                  | Nest)
 25567 | Spider:1 | Received a gift from Okawaru
 25588 | Spider:1 | Reached XP level 17. HP: 161/161 MP: 19/19
 25646 | Spider:1 | HP: 8/161 [wolf spider (4)]
 25653 | Spider:1 | Paralysed by a jorogumo for 3 turns
 26702 | Swamp:1  | Entered Level 1 of the Swamp
 26939 | Swamp:1  | Identified the +7 flail "Cauteog" {vorpal, rElec Str+3}
 26967 | Swamp:1  | Identified the +1 hat "Ucahur" {rPois rC- Dex+2 SInv}
                  | (Okawaru gifted it to you on level 1 of the Swamp)
 26967 | Swamp:1  | Received a gift from Okawaru
 27372 | Swamp:2  | Noticed Louise
 27381 | Swamp:2  | Cast into level 3 of the Abyss (Louise)
 27427 | Abyss:3  | Found a hide-covered altar of Uskayaw.
 27813 | Abyss:3  | Gained mutation: You sometimes lose the ability to read
                  | scrolls when taking damage. [a neqoxec]
 28008 | Swamp:2  | Escaped the Abyss
 28038 | Swamp:1  | Killed Louise
 28284 | Swamp:2  | Identified Roxanne's Handbook of the Rocks
 28284 | Swamp:2  | Noticed Roxanne
 28305 | Swamp:2  | Killed Roxanne
 28612 | Swamp:2  | Identified the +11 falchion "Arbiter" {flame, rF+ rC+ Int+4
                  | Dex-3}
 30186 | Swamp:3  | Noticed Mara
 30203 | Swamp:3  | Noticed Peloso's illusion
 30221 | Swamp:3  | Killed Mara
 30242 | Swamp:3  | Identified the +1 robe of Kiruig {rF+} (Okawaru gifted it
                  | to you on level 3 of the Swamp)
 30242 | Swamp:3  | Received a gift from Okawaru
 30311 | Swamp:3  | Reached skill level 20 in Long Blades
 30654 | Swamp:3  | Reached XP level 18. HP: 173/173 MP: 20/20
 30833 | Swamp:4  | Entered Level 4 of the Swamp
 31697 | Swamp:4  | Found a transporter.
 31710 | Swamp:4  | Found a bloodstained altar of Trog.
 31710 | Swamp:4  | Noticed H0rd4k's ghost (adept HuAr)
 31736 | Swamp:4  | Found a transporter.
 31913 | Swamp:4  | Got a decaying rune of Zot
 32059 | Swamp:4  | HP: 5/173 [spriggan rider/+0 spear (10)]
 32059 | Swamp:4  | Demolished by a spriggan rider

Illustrated notes

Levels and vault maps discovered:
D:1:      dpeg_arrival_tiny_h, layout_loops_corners
D:2:      layout_loops_ring, serial_shops, nicolae_shop_crystal, basic_altar,
          corexii_leaking_fountain, grunt_decor_junction, chequers_jeans
D:3:      layout_rooms, hellmonk_ecumenical_altar_pennies_from_heaven,
          amcnicky_mini_pool_small, st_stairs_1, nrook_uturn, uniq_natasha
D:4:      layout_rooms, pdpol_wu_jian_five_deadly_venoms, gammafunk_ghost_smash,
          serial_corexii_hall, corexii_hall_statues_u, chequers_hall_statues_y,
          corexii_hall_statues_s, corexii_hall_statues_u, portal_sewer_entry_f
D:5:      layout_loops_ring
D:6:      layout_basic, minmay_temple_entry_tees, minmay_misc_feat_four_crosses
D:7:      layout_loops_ring, serial_shops, nicolae_shop_statue_plus,
          chequers_serial_rivers_large_a
D:8:      kennysheep_six_static_rooms, layout_loops_cross, uniq_prince_ribbit1
D:9:      layout_rooms, david_lair_shrubbed, david_orc_2, enter_bailey_3,
          kennysheep_nub
D:10:     layout_small_grid, uniq_josephine
D:11:     layout_stronghold, uniq_fannar
D:12:     minmay_clustersquares, layout_long_grid, nicolae_shop_fire_sale
          [nicolae_sub_dead_trees], minivault_7, uniq_rupert
D:13:     layout_basic, david_vaults_4, serial_shops, shop, shop_scrolls, shop
D:14:     layout_roguey, uniq_snorg
D:15:     hangedman_depths_entry_civil_slaughter, layout_irregular_city,
          serial_shops, shop
Temple:   roderic_octagonal_lattice_temple
Lair:1:   layout_chaotic_city, beast_lair_carwin_9, lemuel_fruit_tree,
          uniq_gastronok
Lair:2:   layout_long_grid, swamp_mist, spider_nest_entry_funnel_web,
          hangedman_tree_tricks, lemuel_fruit_fields
Lair:3:   beast_lair_carwin_large_4, layout_long_grid, basic_altar,
          chequers_serial_rivers_small_b, nicolae_lair_lil_pond,
          chequers_serial_rivers_micro_e
Lair:4:   layout_roguey, ebering_ghost_inner_flame,
          nzn_masters_of_martial_movement, infiniplex_staircase_pool
Lair:5:   layout_gridlike, slime_altar_1, basic_altar, uniq_kirke
Lair:6:   evilmike_catoblepas_cave, layout_long_grid, gauntlet_entry_generic
Swamp:1:  nicolae_swamp_ascending_descending_big, layout_falls_marsh,
          evilmike_swamp_ruin_house_4, nicolae_swamp_snake_nest
Swamp:2:  layout_basic_swamp, nicolae_swamp_well_well_well, uniq_louise,
          uniq_roxanne
Swamp:3:  layout_basic_swamp, nicolae_swamp_long_stream, swamp_pool3, uniq_mara
Swamp:4:  swamp, layout_basic_swamp, gammafunk_ghost_wrathful_warriors
Spider:1: nicolae_spider_hilbert_zone_2 [nicolae_spider_hilbert_4_sides_1_open,
          nicolae_spider_hilbert_4_sides_1_open,
          nicolae_spider_hilbert_4_sides_1_open,
          nicolae_spider_hilbert_4_sides_1_open,
          nicolae_spider_hilbert_6_sides_1_open,
          nicolae_spider_hilbert_6_sides_1_open,
          nicolae_spider_hilbert_3_sides_1_open,
          nicolae_spider_hilbert_3_sides_1_open,
          nicolae_spider_hilbert_3_sides_1_open,
          nicolae_spider_hilbert_3_sides_1_open,
          nicolae_spider_hilbert_6_sides_1_open,
          nicolae_spider_hilbert_6_sides_1_open,
          nicolae_spider_hilbert_6_sides_1_open,
          nicolae_spider_hilbert_6_sides_1_open]
Spider:2: layout_chambers
Orc:1:    layout_caves, serial_shops, nicolae_shop_bloodbath_and_beyond,
          basic_altar, lightli_orcish_oven
Orc:2:    st_orc_elflike, layout_caves

Skill      XL: |  1  2  3  4  5  6  7  8  9 10 11 12 13 14 15 16 17 18 |
---------------+-------------------------------------------------------+-----
Shields        | 4 5 6 7 8 9 12 13 14 15 17 18 | 18.0
Long Blades    | 3 4 5 7 9 11 13 14 15 16 17 18 19 20 | 20.2
Armour         | 4 5 6 7 8 9 11 12 13 14 15 17 18 | 18.4
Fighting       | 4 5 7 8 9 11 12 14 15 17 18 | 18.7
Dodging        | 1 2 3 4 5 7 8 |  8.3
Stealth        | 1 2 3 |  3.9
Invocations    | 1 2 3 4 |  4.4
Bows           | 1 |  1.0
Unarmed Combat | 1 |  1.0
Short Blades   | |  0.6
Axes           | |  0.7
Maces & Flails | |  0.7
Polearms       | |  0.7
Staves         | |  0.7
Slings         | |  0.7
Crossbows      | |  0.6
Throwing       | |  0.5
Spellcasting   | |  0.2
Conjurations   | |  0.3
Hexes          | |  0.4
Summonings     | |  0.3
Necromancy     | |  0.3
Translocations | |  0.3
Transmutations | |  0.3
Fire Magic     | |  0.3
Ice Magic      | |  0.3
Air Magic      | |  0.3
Earth Magic    | |  0.3
Poison Magic   | |  0.3
Evocations     | |  0.8

Action                   |  1- 3 |  4- 6 |  7- 9 | 10-12 | 13-15 | 16-18 || total
-------------------------+-------+-------+-------+-------+-------+-------++-------
Melee: Long sword        |    67 |   165 |   269 |   636 |   493 |       ||  1630
       Headbutt          |    10 |    20 |    62 |   134 |   224 |   396 ||   846
       Falchion          |       |       |    63 |       |       |   413 ||   476
       Scimitar          |       |       |       |       |   320 |   611 ||   931
       Unarmed           |       |       |       |       |     2 |       ||     2
       Demon blade       |       |       |       |       |       |   449 ||   449
Invok: Heroism           |       |       |     2 |    13 |    18 |     8 ||    41
       Finesse           |       |       |       |       |     1 |       ||     1
Evoke: Wand              |       |       |       |       |     1 |       ||     1
  Use: Potion            |       |     3 |       |     3 |     4 |    10 ||    20
       Scroll            |       |     1 |    12 |     5 |    12 |     4 ||    34
 Stab: Distracted        |       |       |       |       |       |    13 ||    13
       Confused          |       |       |       |       |       |     1 ||     1
Armor: Scale mail        |    37 |    79 |   119 |   184 |    28 |       ||   447
       Crystal plate arm |       |       |       |       |   279 |   882 ||  1161
Dodge: Dodged            |    36 |    65 |   154 |   368 |   465 |   778 ||  1866
Block: Buckler           |    12 |    50 |    73 |   213 |   420 |   769 ||  1537
